 Dungeon Crawl Stone Soup version 0.21.0-34-g9234887 (webtiles) character file.

65 Mirai the Conjurer (level 3, -6/19 HPs)
             Began as a Deep Elf Conjurer on Jan 29, 2018.
             Killed from afar by Terence (9 damage)
             ... with a wand of flame (33)
             ... on level 3 of the Dungeon.
             The game lasted 00:08:11 (2228 turns).

Mirai the Conjurer (Deep Elf Conjurer)              Turns: 2228, Time: 00:08:12

Health: -6/19      AC:  2    Str:  5    XL:     3   Next: 94%
Magic:  5/10       EV: 13    Int: 24    God:
Gold:   102        SH:  0    Dex: 15    Spells: 8/9 levels left

rFire    . . .     SeeInvis .   j - +0 hand axe (chop)
rCold    . . .     Gourm    .   (no shield)
rNeg     . . .     Faith    .   a - +0 robe
rPois    .         Spirit   .   (no helmet)
rElec    .         Reflect  .   (no cloak)
rCorr    .         Harm     .   (no gloves)
MR       .....     Rnd*Tele +   (no boots)
Stlth    ++........             (no amulet)
HPRegen  0.06/turn              k - +4 ring of intelligence
MPRegen  0.12/turn              s - ring of teleportation (curse)

@: no status effects
A: no striking features
a: no special abilities


You were on level 3 of the Dungeon.
You were hungry.

You visited 1 branch of the dungeon, and saw 3 of its levels.

You collected 102 gold pieces.

Inventory:

Hand Weapons
 d - a +0 hunting sling
 f - a +0 dagger
 i - a +0 short sword
 j - a +0 hand axe of chopping (weapon)
 o - a +2 flail of protection
 r - a +0 hand axe
 v - a +0 whip
 z - a +0 hand axe
Missiles
 g - 117 stones (quivered)
 m - 17 bolts
Armour
 a - a +0 robe (worn)
 e - a +0 ring mail
 l - a +0 leather armour
 p - a +0 robe
 w - a +0 ring mail
 x - a +0 ring mail
Jewellery
 k - a +4 ring of intelligence (left hand)
 s - a cursed ring of teleportation (right hand)
Scrolls
 q - 2 scrolls of blinking {unknown}
 t - a scroll of remove curse {unknown}
 u - 2 scrolls of noise {unknown}
 y - a scroll of enchant weapon {unknown}
 A - 3 scrolls of identify {unknown}
Potions
 h - 2 potions of brilliance
Books
 b - a book of Conjurations

   Spells                             Type                      Level
   a - Magic Dart                     Conjuration                  1
   b - Searing Ray                    Conjuration                  2
   c - Dazzling Spray                 Conjuration/Hexes            3
   d - Fulminant Prism                Conjuration/Hexes            4
   e - Force Lance                    Conjuration/Translocation    4
   f - Iskenderun's Mystic Blast      Conjuration                  4
Comestibles
 c - 11 rations
 n - 2 chunks of flesh


   Skills:
 + Level 2.5 Dodging
 + Level 2.8 Stealth
 + Level 3.9 Spellcasting
 + Level 5.5 Conjurations


You had 8 spell levels left.
You knew the following spells:

 Your Spells              Type           Power        Failure   Level  Hunger
a - Magic Dart            Conj           ####         1%          1    None


Dungeon Overview and Level Annotations

Branches:
Dungeon (3/15)

Altars:
Elyvilon
Uskayaw
Zin
The Shining One

Annotations:
D:3 Terence


Message History

It is a wand of flame (33).
Casting: Magic Dart
Confirm with . or Enter, or press ? or * to list all spells.
Aiming: Magic Dart
Press: ? - help, Shift-Dir - straight line, f/p - Terence
Aim: Terence, wielding a hand axe, wearing a scale mail and carrying a wand of flame (33) (lightly wounded)
The magic dart hits Terence.
Terence is lightly wounded.
Casting: Magic Dart
Confirm with . or Enter, or press ? or * to list all spells.
Aiming: Magic Dart
Press: ? - help, Shift-Dir - straight line, f/p - Terence
Aim: Terence, wielding a hand axe, wearing a scale mail and carrying a wand of flame (33) (lightly wounded)
The magic dart hits Terence.
Terence is lightly wounded.
Terence hits you with a hand axe.
* * * LOW HITPOINT WARNING * * *
Terence shouts, "ATTACK!!!"
Terence zaps a wand.
The puff of flame hits you!
You die...

#............###............
#............###?###.##.....
#...........#....# ..# ..>.
#.............#..#.#.# ...
##...........#..##...# ##
#....................
#...<................
#...................
#.........@...†.....
♣♣♣♣♣♣♣.....@.......#######
♣♣.....♣♣..................<
♣..._...♣♣....#############.
♣._..._.♣♣...## ##
♣...8...♣♣..## ♣♣.....♣♣..##
♣♣.÷.♣♣..## ♣♣.♣♣..##


You could see Terence.

Vanquished Creatures
  2 adders (D:2)
  A leopard gecko (D:2)
  6 bats
  4 giant cockroaches
  6 goblins
  7 hobgoblins
  3 jackals (D:3)
  2 quokkas (D:2)
  3 frilled lizards
  2 kobolds (D:2)
  8 rats
44 creatures vanquished.

Notes
Turn   | Place    | Note
-------+----------+-------------------------------------------
     0 | D:1      | Mirai the Deep Elf Conjurer began the quest for the Orb.
     0 | D:1      | Reached XP level 1. HP: 10/10 MP: 6/6
   138 | D:1      | Reached XP level 2. HP: 12/15 MP: 5/8
   428 | D:1      | Reached skill level 5 in Conjurations
  1261 | D:2      | Reached XP level 3. HP: 17/19 MP: 4/9
  1622 | D:2      | Found a hide-covered altar of Uskayaw.
  1674 | D:2      | Found a faded altar of an unknown god.
  2110 | D:3      | Noticed a scorpion
  2137 | D:3      | Noticed Terence
  2186 | D:3      | Found a white marble altar of Elyvilon.
  2186 | D:3      | Found a glowing golden altar of the Shining One.
  2187 | D:3      | Found a glowing silver altar of Zin.
  2228 | D:3      | Killed from afar by Terence

Skill      XL: |  1  2 |
---------------+-------+-----
Conjurations   | 5 |  5.5
Dodging        | |  2.5
Stealth        | |  2.8
Spellcasting   | |  3.9

Action                   || total
-------------------------++-------
Melee: Unarmed           ||     1
       Hand axe          ||    10
       Short sword       ||     1
 Cast: Magic Dart        ||    80
  Use: Potion            ||     3
 Stab: Sleeping          ||     1
  Eat: Chunk             ||     3
Armor: Robe              ||     9
Dodge: Dodged            ||    32
